 Dungeon Crawl Stone Soup version 0.28.0-53-g5a82cb258f (webtiles) character file.

Game seed: 4266793832307495423

1783 Kranky the Fighter (level 8, -2/82 HPs)
             Began as a Minotaur Gladiator on July 2, 2022.
             Succumbed to a kobold brigand's poison
             ... on level 6 of the Dungeon.
             The game lasted 00:10:33 (5609 turns).

Kranky the Fighter (Minotaur Gladiator)             Turns: 5609, Time: 00:10:33

Health: -2/82      AC: 17    Str: 22    XL:     8   Next: 81%
Magic:  7/7        EV: 11    Int:  5    God:
Gold:   187        SH:  0    Dex: 11    Spells: 7/7 levels left

rFire   . . .      SeeInvis .   z - +0 bardiche
rCold   + . .      Faith    .   (shield currently unavailable)
rNeg    . . .      Spirit   .   l - +7 Kryia's mail coat {PotionHeal*2 rC+}
rPois   .          Reflect  .   c - +0 hat
rElec   .          Harm     +   i - scarf {harm}
rCorr   .          Rampage  .   y - +0 pair of gloves
Will    .....                   m - +0 pair of boots
Stlth   ..........              (no amulet)
HPRegen 0.23/turn               (no ring)
MPRegen 0.10/turn               (no ring)

@: lethally poisoned (-2 -> -29)
A: horns 2, retaliatory headbutt
a: no special abilities


You were on level 6 of the Dungeon.
You visited 1 branch of the dungeon, and saw 6 of its levels.
You also visited: Ossuary.

You collected 187 gold pieces.

Inventory:

Hand Weapons
 a - a +0 trident
 n - a +2 vorpal hand axe
 x - a +0 flail of draining
 z - a +0 bardiche (weapon)
Missiles
 d - 3 throwing nets (quivered)
 o - 3 boomerangs of dispersal
Armour
 b - a +0 leather armour
 c - a +0 hat (worn)
 i - a scarf of harm (worn)
 j - a +0 ring mail
 l - the +7 Kryia's mail coat (worn) {PotionHeal*2 rC+}
   (You found it on level 2 of the Dungeon)

   Potions are twice as effective at healing its wearer.
   rC:        It protects you from cold.
 m - a +0 pair of boots (worn)
 y - a +0 pair of gloves (worn)
Jewellery
 f - a ring of wizardry
Wands
 F - a wand of iceblast (11)
Scrolls
 h - 3 scrolls of teleportation
 p - 3 scrolls of identify {unknown}
 s - 2 scrolls of fear {unknown}
 u - a scroll of fog {unknown}
 A - 2 scrolls of vulnerability {unknown}
 B - a scroll of brand weapon {unknown}
Potions
 e - 2 potions of berserk rage {unknown}
 g - 2 potions of brilliance {unknown}
 k - a potion of attraction {unknown}
 q - 9 potions of curing {unknown}
 r - a potion of mutation {unknown}
 t - 4 potions of heal wounds {unknown}
 v - 3 potions of haste {unknown}
 w - 2 potions of cancellation {unknown}
 C - a potion of lignification {unknown}
 D - a potion of might {unknown}
 E - 2 potions of magic {unknown}


   Skills:
 + Level 11.0 Fighting
 - Level 3.6 Polearms
 * Level 3.5 Throwing
 - Level 6.0 Armour
 * Level 5.2 Dodging


You had 7 spell levels left.
You didn't know any spells.
Your spell library contained the following spells:

 Spells                   Type           Power      Damage    Failure   Level
 Pain                     Necr           0%         1d4       78%         1
 Sting                    Tmut/Pois      0%         1d3       78%         1
 Ensorcelled Hibernation  Hex/Ice        0%         N/A       89%         2
 Poisonous Vapours        Pois/Air       0%         N/A       89%         2
 Ozocubu's Armour         Ice            0%         N/A       98%         3
 Spider Form              Tmut/Pois      0%         N/A       98%         3
 Anguish                  Hex/Necr       0%         N/A       100%        4
 Olgreb's Toxic Radiance  Pois           0%         N/A       100%        4
 Agony                    Necr           0%         N/A       100%        5
 Excruciating Wounds      Necr           0%         N/A       100%        5
 Metabolic Englaciation   Hex/Ice        0%         N/A       100%        5
 Simulacrum               Ice/Necr       0%         N/A       100%        6


Dungeon Overview and Level Annotations

Branches:
Dungeon (6/15)            Ossuary (visited)
 Temple: D:4-7

Altars:
Vehumet
Zin

Shops:
D:2 ?   D:3 (


Innate Abilities, Weirdness & Mutations

You have a pair of horns on your head.
You reflexively headbutt those who attack you in melee.


Message History

The bullfrog closely misses you.
The orc warrior hits you from afar with a +0 trident.
The bullfrog barely misses you. You furiously retaliate!
You headbutt the bullfrog!
You kill the bullfrog!
The orc warrior barely misses you.
The orc warrior hits you with a +0 trident!
* * * LOW HITPOINT WARNING * * *
You see here a bullfrog corpse.
You barely miss the orc warrior. You headbutt the orc warrior.
You kill the orc warrior!
The hornet stings you but does no damage. x2
Your Throwing skill increases to level 3!
You slash the hornet!
The hornet is moderately wounded.
The hornet stings you but does no damage.
The hornet misses you. You furiously retaliate!
You headbutt the hornet. The hornet stings you.
* * * LOW HITPOINT WARNING * * *
You feel yourself slow down.
You slice the hornet!!
You kill the hornet!
The kobold brigand throws a poisoned dart.
The poisoned dart hits you!
You are poisoned.
The jelly closely misses you.
Your Dodging skill increases to level 5!
You slice the jelly!!
You kill the jelly!
You feel yourself speed up.
You feel very sick.
The kobold brigand hits you with a +2 dagger of venom.
* * * LOW HITPOINT WARNING * * *
You are lethally poisoned!
The kobold brigand hits you but does no damage.
You are more poisoned.
Your Fighting skill increases to level 11!
You hit the kobold brigand. You headbutt the kobold brigand.
The kobold brigand is heavily wounded.
You die...

.###....##.......#......
## #....################
## ##............#......
.# #...########.#.# #
.## ##<.# #.#.# ..# #..#
#.#....# ..# ##.#
#.####.# ..# ###
#.####.#### ..#
#@#........ .##
#.K........ .##
###........ ..#
##........ #.##
#...###... #..# #..## ##
##.## ##..# #..#
#####..##### ##.##
#..........#


You could see a kobold brigand.

Vanquished Creatures
  A hornet (D:6)
  Grinder (D:3)
  An orc warrior (D:6)
  A black bear (D:5)
  A necrophage (D:5)
  3 ogres
  2 bullfrogs (D:6)
  A gnoll sergeant (D:5)
  A scorpion (D:4)
  A water moccasin skeleton (D:5)
  2 centaur zombies
  2 hounds (D:5)
  2 bullfrog skeletons (D:5)
  An orc priest (D:4)
  2 jellies (D:6)
  An orc wizard (D:6)
  A hound skeleton (D:5)
  4 mummies (Ossuary)
  Robin (D:2)
  5 gnolls (D:5)
  2 adders
  A white imp (D:6)
  2 worms (D:2)
  2 dart slugs
  12 orcs
  3 bats (D:3)
  4 endoplasms
  3 giant cockroaches
  A gnoll zombie (Ossuary)
  8 goblins
  14 hobgoblins
  7 jackals
  A quokka (D:5)
  4 ball pythons
  A frilled lizard (D:3)
  A goblin zombie (Ossuary)
  3 hobgoblin zombies (Ossuary)
  6 kobolds
  A kobold zombie (Ossuary)
  An orc zombie (Ossuary)
  4 rats
115 creatures vanquished.

Vanquished Creatures (others)
  7 plants (D:1)
7 creatures vanquished.

Grand Total: 122 creatures vanquished

Notes
Turn   | Place    | Note
-------+----------+-------------------------------------------
     0 | D:1      | Kranky the Minotaur Gladiator began the quest for the Orb.
     0 | D:1      | Reached XP level 1. HP: 18/18 MP: 0/0
   158 | D:1      | Reached skill level 1 in Armour
   332 | D:1      | Reached XP level 2. HP: 25/25 MP: 1/1
   349 | D:1      | Found a faded altar of an unknown god.
   763 | D:2      | Found Kecruerchu's Magic Scroll Shop.
   791 | D:2      | Reached skill level 3 in Fighting
  1007 | D:2      | Noticed Robin
  1012 | D:2      | Reached XP level 3. HP: 28/31 MP: 2/2
  1053 | D:2      | HP: 1/31 [Robin/+0 spear (3)]
  1364 | D:2      | Killed Robin
  1672 | D:2      | Found a glowing silver altar of Zin.
  1672 | D:2      | Found the +7 Kryia's mail coat {PotionHeal*2 rC+}
  1962 | D:3      | Reached XP level 4. HP: 40/40 MP: 3/3
  2028 | D:3      | Noticed Grinder
  2035 | D:3      | Paralysed by Grinder for 4 turns
  2044 | D:3      | Killed Grinder
  2045 | D:3      | Reached skill level 4 in Fighting
  2045 | D:3      | Reached skill level 5 in Armour
  2045 | D:3      | Reached XP level 5. HP: 37/47 MP: 4/4
  2045 | D:3      | Reached XP level 6. HP: 43/55 MP: 5/5
  2112 | D:3      | You fall into a shaft and drop 1 floor!
  2265 | D:4      | Found a sand-covered staircase.
  2274 | Ossuary  | Entered an ossuary
  2422 | Ossuary  | Reached skill level 5 in Fighting
  2767 | D:4      | Reached skill level 6 in Fighting
  3302 | D:4      | Reached XP level 7. HP: 64/64 MP: 6/6
  3454 | D:3      | Found Elyirous's Antique Weapon Shoppe.
  4184 | D:5      | Entered Level 5 of the Dungeon
  4189 | D:5      | Reached skill level 7 in Fighting
  4231 | D:5      | Reached skill level 8 in Fighting
  4399 | D:5      | Reached XP level 8. HP: 77/77 MP: 7/7
  4422 | D:5      | Reached skill level 9 in Fighting
  4943 | D:5      | Found a radiant altar of Vehumet.
  4943 | D:5      | Found a glowing silver altar of Zin.
  5187 | D:6      | Reached skill level 10 in Fighting
  5592 | D:6      | Noticed a hornet
  5607 | D:6      | Killed a hornet
  5608 | D:6      | Reached skill level 5 in Dodging
  5609 | D:6      | Reached skill level 11 in Fighting
  5609 | D:6      | Succumbed to a kobold brigand's poison

Illustrated notes

Levels and vault maps discovered:
D:1:      elethiomel_arrival_quiet, layout_rooms, ebering_ecumenical_altar_hall,
          serial_rivers, chequers_serial_rivers_micro_a,
          chequers_serial_rivers_micro_a, chequers_serial_rivers_micro_e,
          chequers_serial_rivers_room_a, dk_noncrumbling_4, serial_bayou_lake_a
D:2:      layout_rooms, serial_shops, shop, basic_altar, uniq_robin
D:3:      layout_loops_corners, serial_shops, nicolae_diamond_shop, uniq_grinder
D:4:      layout_basic, nicolae_ossuary_entry_plus
D:5:      layout_loops_ring, gammafunk_temple_overflow_wave
D:6:      layout_cave_pods, serial_co_window_serial, co_window_paths_a,
          co_window_corner_a, co_window_corner_a, co_window_corner_a,
          co_window_paths_a, co_window_2corner, co_window_of_opportunity_c,
          co_window_corner_b, co_window_2corner, co_window_2corner,
          co_window_4corner_b, minmay_manual_mess, uniq_blork_the_orc

Skill      XL: |  1  2  3  4  5  6  7  8 |
---------------+-------------------------+-----
Armour         | 1 2 3 5 6 |  6.0
Fighting       | 3 4 6 8 11 | 11.0
Dodging        | 4 5 |  5.2
Throwing       | 3 |  3.5
Polearms       | |  3.6

Action                   |  1- 3 |  4- 6 |  7- 9 || total
-------------------------+-------+-------+-------++-------
Melee: Trident           |   119 |    78 |    17 ||   214
       Headbutt          |    11 |    14 |    17 ||    42
       Punch             |       |     1 |       ||     1
       Bardiche          |       |       |    85 ||    85
  Use: Scroll            |       |     1 |       ||     1
 Stab: Sleeping          |     1 |       |       ||     1
Armor: Leather armour    |     5 |       |       ||     5
       Ring mail         |    12 |       |       ||    12
       Scale mail        |     4 |    18 |    58 ||    80
Dodge: Dodged            |    40 |    30 |    60 ||   130
